 Dungeon Crawl Stone Soup version 0.28.0-53-g5a82cb258f (webtiles) character file.

Game seed: 56912523691417869

13470 clackabat the Severer (level 11, -27/154 HPs)
             Began as a Minotaur Berserker on July 12, 2022.
             Was a High Priest of Trog.
             Annihilated by a very large slime creature (50 damage)
             ... on level 12 of the Dungeon on July 13, 2022.
             The game lasted 00:27:40 (11439 turns).

clackabat the Severer (Minotaur Berserker)         Turns: 11439, Time: 00:27:40

Health: -27/154    AC: 12    Str: 23    XL:     11   Next: 76%
Magic:  10/10      EV: 15    Int:  4    God:    Trog [*****.]
Gold:   751        SH:  0    Dex: 13    Spells: 10/10 levels left

rFire   . . .      SeeInvis .   K - +5 war axe
rCold   + . .      Faith    .   (no shield)
rNeg    . . .      Spirit   .   s - +1 ring mail {rC+}
rPois   .          Reflect  .   (helmet restricted)
rElec   .          Harm     .   (no cloak)
rCorr   .          Rampage  .   q - +0 pair of gloves
Will    .....                   k - +1 pair of boots
Stlth   ..........              r - amulet of regeneration
HPRegen 1.15/turn               (no ring)
MPRegen 0.12/turn               (no ring)

@: berserking, studying Axes, very quick
A: horns 2, retaliatory headbutt
a: Renounce Religion, Berserk, Trog's Hand, Brothers in Arms


You were on level 12 of the Dungeon.
You worshipped Trog.
Trog was extremely pleased with you.
You visited 1 branch of the dungeon, and saw 12 of its levels.
You also visited: Ossuary.

You collected 828 gold pieces.
You spent 77 gold pieces at shops.

Inventory:

Hand Weapons
 K - a +5 war axe (weapon)
Missiles
 l - 13 poisoned darts (quivered)
 y - 2 throwing nets
Armour
 d - a +0 kite shield
 k - a +1 pair of boots (worn)
 q - a +0 pair of gloves (worn)
 s - a +1 ring mail of cold resistance (worn)
Jewellery
 n - a ring of ice
 r - an amulet of regeneration (around neck)
 x - a ring of see invisible
Wands
 a - a wand of iceblast (5)
 f - a wand of flame (29)
 i - a wand of paralysis (3)
 m - a wand of digging (4)
 t - a wand of polymorph (10)
 G - a wand of mindburst (16)
Scrolls
 g - 2 scrolls of blinking
 o - 2 scrolls of identify
 u - a scroll of silence
 F - 2 scrolls of fog
 H - a scroll of teleportation
 L - a scroll of magic mapping
Potions
 b - 4 potions of heal wounds
 e - 4 potions of flight
 h - 5 potions of curing
 j - a potion of cancellation
 p - a potion of magic
 v - a potion of invisibility
 w - 2 potions of haste
 z - 3 potions of berserk rage
 A - a potion of ambrosia
 B - 2 potions of attraction
 I - 2 potions of mutation
 J - 2 potions of might


   Skills:
 + Level 11.6 Fighting
 + Level 16.7 Axes
 + Level 10.6 Armour
 + Level 9.7 Dodging


You had 10 spell levels left.
You didn't know any spells.
Your spell library was empty.

Dungeon Overview and Level Annotations

Branches:
Dungeon (12/15)            Temple (0/1) D:5            Lair (0/6) D:11
Ossuary (visited)
    Orc: D:9-12

Altars:
Cheibriados

Shops:
D:1 (   D:4 *   D:6 *


Innate Abilities, Weirdness & Mutations

You have a pair of horns on your head.
You reflexively headbutt those who attack you in melee.


Message History

You slice the slime creature!!
The slime creature is heavily wounded.
You hit the slime creature.
The slime creature is heavily wounded.
The slime creature closely misses you. You furiously retaliate!
You headbutt the slime creature! You slash the slime creature!
The slime creature is almost dead.
Two slime creatures merge to form a very large slime creature.
You slash the very large slime creature!
The very large slime creature is moderately wounded.
The very large slime creature hits you!!!
You slice the very large slime creature!!
You headbutt the very large slime creature!
The very large slime creature is heavily wounded.
You hit the very large slime creature.
You headbutt the very large slime creature.
The very large slime creature is heavily wounded.
The very large slime creature hits you!!
* * * LOW HITPOINT WARNING * * *
You are too injured to fight recklessly!
You are too injured to fight recklessly!
A red film seems to cover your vision as you go berserk!
You feel yourself moving faster!
You feel mighty!
The very large slime creature hits you but does no damage.
You barely miss the very large slime creature.
You headbutt the very large slime creature!
The very large slime creature is heavily wounded.
You barely miss the very large slime creature.
Your headbutt misses the very large slime creature.
The very large slime creature is heavily wounded.
The very large slime creature hits you!
* * * LOW HITPOINT WARNING * * *
You slash the very large slime creature!
The very large slime creature is severely wounded.
You barely miss the very large slime creature.
You headbutt the very large slime creature!
The very large slime creature is severely wounded.
The very large slime creature hits you!!!
You die...

#..
#.#
#..
#.#
#.#
#.#
#J#
#@#
#<#
###


You could see a very large slime creature.

Vanquished Creatures
  A hydra (D:12)
  3 two-headed ogres (D:10)
  2 deep elf pyromancers
  2 ugly things
  A manticore (D:11)
  4 cyclopes
  Maggie (D:10)
  Maurice (D:10)
  2 unseen horrors
  A freezing wraith (D:12)
  A troll (D:11)
  A hornet (D:9)
  A centaur simulacrum (D:12)
  A shadow (D:8)
  A vampire (D:11)
  6 vampire mosquitoes
  2 wargs (D:11)
  A water moccasin (D:9)
  Duvessa (D:5)
  An ice beast (D:5)
  A sky beast (D:7)
  A meliai simulacrum (D:12)
  An orc warrior (D:6)
  2 ogres
  7 centaurs
  A bullfrog (D:8)
  A wyvern zombie (D:8)
  2 gnoll sergeants (D:8)
  Dowan (D:5)
  15 killer bees
  3 wights (D:9)
  3 howler monkeys
  A bullfrog zombie (D:3)
  A hound (D:5)
  4 centaur zombies
  7 orc priests
  3 centaur skeletons
  A jelly (D:5)
  A gnoll shaman (D:10)
  Ijyb (D:5)
  2 iguanas
  16 orc wizards
  A killer bee zombie (D:8)
  4 ogre zombies (Ossuary)
  A hound skeleton (D:5)
  7 mummies (Ossuary)
  Robin (D:2)
  11 gnolls
  7 adders
  A shadow imp (D:6)
  An ufetubus (D:7)
  3 adder zombies (Ossuary)
  An adder skeleton (D:4)
  2 worms
  5 dart slugs
  32 orcs
  5 bats
  6 endoplasms
  2 giant cockroaches (D:1)
  11 goblins
  6 hobgoblins
  11 jackals
  5 quokkas
  A ball python (D:2)
  A frilled lizard (D:2)
  A gnoll zombie (Ossuary)
  5 goblin zombies (Ossuary)
  A hobgoblin zombie (Ossuary)
  11 kobolds
  3 kobold zombies (Ossuary)
  2 orc zombies (Ossuary)
  5 quokka zombies (Ossuary)
  4 rats
  5 rat zombies (Ossuary)
271 creatures vanquished.

Vanquished Creatures (collateral kills)
  A vampire mosquito (D:11)
  An orc warrior (D:11)
  An orc (D:11)
3 creatures vanquished.

Vanquished Creatures (others)
  A plant (D:11)
1 creature vanquished.

Grand Total: 275 creatures vanquished

Notes
Turn   | Place    | Note
-------+----------+-------------------------------------------
     0 | D:1      | clackabat the Minotaur Berserker began the quest for the
                  | Orb.
     0 | D:1      | Reached XP level 1. HP: 19/19 MP: 0/0
    69 | D:1      | Reached skill level 4 in Axes
    71 | D:1      | Reached XP level 2. HP: 15/27 MP: 1/1
   523 | D:1      | Found Onise's Antique Weapon Emporium.
   975 | D:1      | Reached XP level 3. HP: 33/33 MP: 2/2
  1245 | D:2      | Reached ** piety under Trog
  1250 | D:2      | Noticed Robin
  1251 | D:2      | Reached skill level 5 in Axes
  1256 | D:2      | Killed Robin
  1423 | D:2      | Reached XP level 4. HP: 30/41 MP: 3/3
  1629 | D:2      | Found a faded altar of an unknown god.
  2019 | D:3      | Reached skill level 6 in Axes
  2398 | D:3      | Reached XP level 5. HP: 40/47 MP: 4/4
  2471 | D:3      | Reached skill level 5 in Fighting
  2879 | D:3      | Found a snail-covered altar of Cheibriados.
  3170 | D:4      | Reached *** piety under Trog
  3171 | D:4      | Reached skill level 7 in Axes
  3250 | D:4      | Reached XP level 6. HP: 56/56 MP: 5/5
  3253 | D:4      | Found Mesuwi's Neck Hole.
  3795 | D:5      | Entered Level 5 of the Dungeon
  3892 | D:5      | Reached skill level 8 in Axes
  3973 | D:5      | Reached XP level 7. HP: 46/61 MP: 6/6
  4054 | D:5      | Noticed Ijyb
  4058 | D:5      | Noticed Duvessa
  4064 | D:5      | Noticed Dowan
  4214 | D:5      | Killed Dowan
  4215 | D:5      | Reached skill level 9 in Axes
  4217 | D:5      | Killed Duvessa
  4219 | D:5      | Killed Ijyb
  4271 | D:5      | Found a staircase to the Ecumenical Temple.
  4509 | D:5      | Reached skill level 10 in Axes
  4634 | D:5      | Reached XP level 8. HP: 43/70 MP: 7/7
  5080 | D:6      | Found Qumaevaq's General Store.
  5092 | D:6      | Bought a scroll of identify for 28 gold pieces
  5092 | D:6      | Bought a +0 war axe for 49 gold pieces
  6051 | D:7      | Identified a scroll of acquirement
  6053 | D:7      | Acquired a manual of Axes
  6068 | D:7      | Reached skill level 11 in Axes
  6071 | D:7      | Noticed a cyclops
  6096 | D:7      | Killed a cyclops
  6097 | D:7      | Reached skill level 5 in Armour
  6097 | D:7      | Reached XP level 9. HP: 69/79 MP: 8/8
  6153 | D:7      | Identified the +5 dagger of the Hall of Blades {flame,
                  | Will+}
  6575 | D:8      | Reached skill level 5 in Dodging
  6706 | D:8      | Reached skill level 12 in Axes
  6936 | D:8      | Found a sand-covered staircase.
  6944 | Ossuary  | Entered an ossuary
  7144 | Ossuary  | Reached **** piety under Trog
  8314 | D:9      | Reached skill level 13 in Axes
  8839 | D:9      | Noticed a lindwurm
  8864 | D:10     | Entered Level 10 of the Dungeon
  8992 | D:10     | Noticed Maggie
  9001 | D:10     | Paralysed by Maggie for 3 turns
  9009 | D:10     | Killed Maggie
  9010 | D:10     | Reached XP level 10. HP: 29/90 MP: 9/9
  9243 | D:10     | Noticed Maurice
  9263 | D:10     | Killed Maurice
  9299 | D:10     | Noticed a two-headed ogre
  9305 | D:10     | Killed a two-headed ogre
  9323 | D:10     | Noticed a two-headed ogre
  9327 | D:10     | Killed a two-headed ogre
  9328 | D:10     | Reached skill level 14 in Axes
  9330 | D:10     | Noticed a two-headed ogre
  9337 | D:10     | Killed a two-headed ogre
  9571 | D:10     | Reached ***** piety under Trog
  9726 | D:10     | Reached skill level 10 in Fighting
 10017 | D:11     | Reached skill level 15 in Axes
 10195 | D:11     | Reached XP level 11. HP: 83/101 MP: 10/10
 10236 | D:11     | Noticed a green ugly thing
 10248 | D:11     | Killed a green ugly thing
 10343 | D:11     | Found a staircase to the Lair.
 10937 | D:12     | Noticed a deep elf pyromancer
 10939 | D:12     | Noticed a five-headed hydra
 10939 | D:12     | Noticed a deep elf pyromancer
 11125 | D:11     | Killed a deep elf pyromancer
 11126 | D:11     | Reached skill level 16 in Axes
 11140 | D:12     | Killed a deep elf pyromancer
 11141 | D:12     | Reached skill level 10 in Armour
 11142 | D:12     | Killed a 12-headed hydra
 11215 | D:12     | Noticed a brown ugly thing
 11295 | D:12     | Killed a brown ugly thing
 11439 | D:12     | Annihilated by a very large slime creature

Illustrated notes

Levels and vault maps discovered:
D:1:      wander_arrival_peaceful_grave, layout_loops_ring, serial_shops,
          nicolae_shop_temple_entry_statues_fountains, minmay_tromino_i4
D:2:      layout_basic, shapermc_ecumenical_altar_mp_vishouse, minmay_tall_x,
          uniq_robin
D:3:      minmay_evil_eye, layout_rooms, kennysheep_slug_shrine
D:4:      layout_loops_ring, grunt_ministairs_1,
          nicolae_shop_sticking_my_neck_out
D:5:      layout_basic, minmay_temple_entry_grid, skrybe_limestone_x,
          st_stairs_12, uniq_duvessa, uniq_ijyb
D:6:      layout_basic, serial_shops,
          nicolae_shop_temple_entry_statues_fountains
D:7:      layout_loops_corners, st_stairs_1
D:8:      layout_basic, chequers_ossuary_entry_cave
D:9:      layout_long_grid, minmay_lindwurm_lava
D:10:     layout_loops_corners, hex_medium, uniq_maurice, uniq_maggie
D:11:     layout_irregular_city, erik_lair_orcish_takeover, roderic_filled_cross
D:12:     minmay_isolated_rectangles_in_corner, layout_basic, hiddenorc1_lemuel,
          serial_shops, kennysheep_little_box, nicolae_inconvenience_store,
          shop_statue, shop, minmay_microvault

Skill      XL: |  1  2  3  4  5  6  7  8  9 10 11 |
---------------+----------------------------------+-----
Axes           | 4 5 6 7 8 10 11 13 15 16 | 16.7
Fighting       | 4 5 7 8 10 11 | 11.6
Armour         | 3 5 7 9 10 | 10.6
Dodging        | 4 6 8 9 |  9.7

Action                   |  1- 3 |  4- 6 |  7- 9 | 10-12 || total
-------------------------+-------+-------+-------+-------++-------
Melee: Hand axe          |    75 |   154 |    83 |       ||   312
       Headbutt          |    11 |    33 |    58 |    45 ||   147
       Punch             |     1 |       |     2 |     3 ||     6
       Unarmed           |       |       |     8 |       ||     8
       War axe           |       |       |   227 |   198 ||   425
Invok: Berserk           |     2 |     1 |     7 |     5 ||    15
       Trog's Hand       |       |       |     3 |     1 ||     4
       Brothers in Arms  |       |       |       |     1 ||     1
  Use: Scroll            |     3 |     9 |    12 |     5 ||    29
       Potion            |       |       |     1 |       ||     1
Armor: Animal skin       |     3 |       |       |       ||     3
       Ring mail         |    25 |    72 |   115 |    99 ||   311
       Skin              |       |       |    10 |       ||    10
Dodge: Dodged            |    31 |    67 |   187 |   121 ||   406
